 Dungeon Crawl Stone Soup version 0.18.1-50-g88ac8fd (webtiles) character file.

47 Krapule the Twirler (level 3, -2/31 HPs)
             Began as a Minotaur Gladiator on Oct 21, 2016.
             Slain by Robin
             ... wielding a +6 dagger of holy wrath
              (6 damage)
             ... on level 2 of the Dungeon.
             The game lasted 00:02:44 (1068 turns).

Krapule the Twirler (Minotaur Gladiator)            Turns: 1068, Time: 00:02:45

Health: -2/31      AC:  5    Str: 20    XL:     3   Next: 48%
Magic:  2/2        EV: 12    Int:  5    God:
Gold:   55         SH:  0    Dex: 10    Spells: 0 memorised, 2 levels left

rFire  . . .     SeeInvis .     a - +0 quarterstaff
rCold  . . .     Gourm    .     b - +0 leather armour
rNeg   . . .     Faith    .     (shield currently unavailable)
rPois  +         Spirit   .     c - +0 hat
rElec  .         Dismiss  .     h - +0 cloak
rCorr  .         Reflect  .     r - +0 pair of gloves
SustAt .         Harm     .     (no boots)
MR     .....                    (no amulet)
Stlth  +.........               (no ring)
                                o - ring of poison resistance

@: not resistant to hostile enchantments, very unstealthy
A: retaliatory headbutt, horns 2
a: no special abilities


You were on level 2 of the Dungeon.
You were hungry.

You visited 1 branch of the dungeon, and saw 2 of its levels.

You collected 55 gold pieces.

Inventory:

Hand Weapons
 a - a +0 quarterstaff (weapon)
Missiles
 d - 3 throwing nets (quivered)
Armour
 b - a +0 leather armour (worn)
 c - a +0 hat (worn)
 h - a +0 cloak (worn)
 r - a +0 pair of gloves (worn)
Jewellery
 o - a ring of poison resistance (left hand)
Scrolls
 i - 2 scrolls of amnesia {unknown}
 j - a scroll of fog {unknown}
 m - 2 scrolls of remove curse {unknown}
 n - a scroll of magic mapping {unknown}
 p - a scroll of enchant armour {unknown}
 s - 2 scrolls of identify {unknown}
Potions
 e - a potion of curing {unknown}
 g - a potion of agility {unknown}
 k - a potion of berserk rage {unknown}
 l - a potion of degeneration {unknown}
 q - a potion of heal wounds {unknown}
Comestibles
 f - a bread ration


   Skills:
 + Level 3.2 Fighting
 + Level 4.0 Staves
 + Level 2.4 Throwing
 + Level 1.4 Armour
 + Level 3.5 Dodging


You had 2 spell levels left.
You didn't know any spells.

Dungeon Overview and Level Annotations

Branches:
Dungeon (2/15)

Altars:

Annotations:
D:2 Robin


Innate Abilities, Weirdness & Mutations

You reflexively headbutt those who attack you in melee.
You have a pair of horns on your head.


Message History

You kill the goblin!
Found a ring mail.
Robin says, "My goblins will feast on your bones."
You hit the goblin.
The goblin is severely wounded.
The goblin closely misses you. You furiously retaliate!
You headbutt the goblin!
You kill the goblin!
You hit Robin but do no damage. Robin closely misses you.
You closely miss Robin. Your headbutt misses Robin.
Robin says, "A pitiful Minotaur like you will never find the ORB!"
Robin roars a battlecry!
Robin hits you with a dagger of holy wrath.
* * * LOW HITPOINT WARNING * * *
You barely miss Robin.
The hobgoblin no longer looks unusually strong.
Robin roars a battlecry!
The hobgoblin goes into a battle-frenzy!
Robin hits you with a dagger of holy wrath.
You die...

#.. ##gg......... # #.#
##w.g........[ # #.#
#..gggg.....# ##
#.#####)########.###
.###.##.(.$g().........
......#....##)).....##
......#........gg...?#
....#...####..##g###...
........#....###@#
............#....#
...####...#....... ....
#..###..##### ..##
.......# . ......#
..... ..


You could see Robin, a hobgoblin and a goblin.

Vanquished Creatures
  2 worms (D:2)
  A giant gecko (D:2)
  A ball python (D:1)
  3 giant cockroaches (D:1)
  8 goblins
  3 hobgoblins
  4 jackals (D:1)
  5 bats (D:1)
  4 giant newts
  4 kobolds
  2 rats
37 creatures vanquished.

Notes
Turn   | Place    | Note
--------------------------------------------------------------
     0 | D:1      | Krapule the Minotaur Gladiator began the quest for the Orb.
     0 | D:1      | Reached XP level 1. HP: 18/18 MP: 0/0
   141 | D:1      | Reached XP level 2. HP: 21/25 MP: 1/1
  1008 | D:2      | Reached skill level 1 in Armour
  1008 | D:2      | Reached XP level 3. HP: 28/31 MP: 2/2
  1042 | D:2      | Noticed Robin
  1056 | D:2      | Reached skill level 4 in Staves
  1068 | D:2      | Slain by Robin

Skill      XL: |  1  2  3 |
---------------+----------+-----
Fighting       | 3 |  3.2
Armour         | 1 |  1.4
Staves         | 4 |  4.0
Throwing       | |  2.4
Dodging        | |  3.5

Action                   || total
-------------------------++-------
Melee: Quarterstaff      ||    79
       Headbutt          ||     9
Armor: Leather armour    ||    28
Dodge: Dodged            ||    56
